 Dungeon Crawl Stone Soup version 0.21.1-1-g345015fe64 (webtiles) character file.

58733 Jannitor the Covert (level 14, -15/108 HPs)
             Began as a Demonspawn Enchanter on June 23, 2018.
             Was a High Priest of Wu Jian.
             Killed from afar by destino's ghost (41 damage)
             ... with a shard of ice
             ... on level 2 of the Orcish Mines.
             The game lasted 00:55:57 (22110 turns).

Jannitor the Covert (Demonspawn Enchanter)         Turns: 22110, Time: 00:55:57

Health: -15/108    AC: 22    Str: 17    XL:     14   Next: 50%
Magic:  21/21      EV:  8    Int: 16    God:    Wu Jian [*****.]
Gold:   1425       SH:  5    Dex: 14    Spells: 5/17 levels left

rFire    . . .     SeeInvis .   I - +9 dagger of Terror {pierce, rPois}
rCold    . . .     Gourm    .   (no shield)
rNeg     + . .     Faith    .   e - +2 shadow dragon scales
rPois    +         Spirit   .   h - +0 helmet
rElec    .         Reflect  +   f - scarf {cloud immunity}
rCorr    .         Harm     .   u - +0 pair of gloves of Ecoabeod {Str+3}
MR       +....                  (boots unavailable)
Stlth    +++++++...             J - +5 amulet of reflection
HPRegen  0.28/turn              D - ring of positive energy
MPRegen  0.17/turn              A - ring of flight

@: drained
A: hooves 3, molten scales 1, nightstalker 2, spiny 2
a: Wall Jump, Serpent's Lash, Heavenly Storm, Renounce Religion, Evoke Flight


You were on level 2 of the Orcish Mines.
You worshipped Wu Jian.
Wu Jian was extremely pleased with you.
You were not hungry.

You visited 4 branches of the dungeon, and saw 18 of its levels.
You also visited: Ossuary and Ice Cave.

You collected 1425 gold pieces.

Inventory:

Hand Weapons
 q - a +4 dagger of venom
 H - a +0 rapier
 I - the +9 dagger of Terror (weapon) {pierce, rPois}
   (You found it on level 9 of the Dungeon)

   It inflicts extra damage upon your enemies.
   It protects you from poison.
 U - a +0 blowgun
Missiles
 p - 3 throwing nets (quivered)
 W - 8 curare-tipped needles
Armour
 b - a +0 robe
 e - +2 shadow dragon scales (worn)
 f - a scarf of cloud immunity (worn)
 h - a +0 helmet (worn)
 s - a +0 pair of gloves
 t - a +1 pair of boots
 u - the +0 pair of gloves of Ecoabeod (worn) {Str+3}
   (You found it on level 6 of the Lair of Beasts)

   It affects your strength (+3).
Jewellery
 A - a ring of flight (right hand)
 D - a ring of positive energy (left hand)
 J - a +5 amulet of reflection (around neck)
 S - a cursed -3 ring of dexterity {unknown}
Wands
 n - a wand of enslavement (8)
 C - a wand of paralysis (2)
 G - a wand of iceblast (18)
 L - a wand of clouds (7)
 M - a wand of acid (4)
 R - a wand of digging (8)
Scrolls
 i - 12 scrolls of remove curse
 j - 11 scrolls of identify
 l - 3 scrolls of fog
 m - 6 scrolls of teleportation
 r - 6 scrolls of amnesia
 y - 3 scrolls of fear
 K - a scroll of blinking
Potions
 v - 2 potions of resistance
 w - 3 potions of cancellation
 x - a potion of agility
 z - 2 potions of curing
 B - 2 potions of haste
 F - 3 potions of flight
 N - a potion of magic
 O - 3 potions of lignification
 Q - a potion of brilliance
Books
 a - a book of Spatial Translocations

   Spells                             Type                      Level
   a - Blink                          Translocation                2
   b - Shroud of Golubria             Charms/Translocation         2
   c - Lesser Beckoning               Translocation                3
   d - Gell's Gravitas                Translocation                3
   e - Teleport Other                 Translocation                3
   f - Passage of Golubria            Translocation                4
 c - a book of Maledictions

   Spells                             Type                      Level
   a - Corona                         Hexes                        1
   b - Ensorcelled Hibernation        Hexes/Ice                    2
   c - Confuse                        Hexes                        3
   d - Tukima's Dance                 Hexes                        3
   e - Dazzling Spray                 Conjuration/Hexes            3
 o - a book of Necromancy

   Spells                             Type                      Level
   a - Pain                           Necromancy                   1
   b - Animate Skeleton               Necromancy                   1
   c - Vampiric Draining              Necromancy                   3
   d - Regeneration                   Charms/Necromancy            3
   e - Animate Dead                   Necromancy                   4
   f - Borgnjor's Vile Clutch         Necromancy/Earth             5
 E - a book of Frost

   Spells                             Type                      Level
   a - Freeze                         Ice                          1
   b - Throw Frost                    Conjuration/Ice              2
   c - Ozocubu's Armour               Charms/Ice                   3
   d - Throw Icicle                   Conjuration/Ice              4
   e - Summon Ice Beast               Ice/Summoning                4
 X - the Catalogue of Sinister Moulding
   (You found it on level 5 of the Lair of Beasts)

   Spells                             Type                      Level
   a - Beastly Appendage              Transmutation                1
   b - Animate Dead                   Necromancy                   4
   c - Excruciating Wounds            Charms/Necromancy            5
   d - Bolt of Draining               Conjuration/Necromancy       5
   e - Dispel Undead                  Necromancy                   5
 Y - a book of Party Tricks

   Spells                             Type                      Level
   a - Summon Butterflies             Summoning                    1
   b - Apportation                    Translocation                1
   c - Lesser Beckoning               Translocation                3
   d - Tukima's Dance                 Hexes                        3
   e - Alistair's Intoxication        Transmutation/Poison         5
   f - Invisibility                   Hexes                        6
Miscellaneous
 k - a fan of gales (inert)
Comestibles
 d - 41 rations


   Skills:
 + Level 9.5(9.2) Fighting
 - Level 10.1(9.9) Short Blades
 * Level 11.7(11.4) Armour
 - Level 1.7(1.5) Dodging
 + Level 12.1(11.8) Stealth
 - Level 2.0(1.7) Spellcasting
 + Level 7.2(7.0) Hexes
 - Level 4.8(4.5) Ice Magic
 - Level 9.7(9.5) Evocations


You had 5 spell levels left.
You knew the following spells:

 Your Spells              Type           Power        Failure   Level  Hunger
a - Corona                Hex            ###....      10%         1    ##.....
b - Ensorcelled Hibernat  Hex/Ice        ###...       26%         2    ###....
c - Invisibility          Hex            ###.....     100%        6    #######
d - Confuse               Hex            ###.....     30%         3    ####...


Dungeon Overview and Level Annotations

Branches:
Dungeon (9/15)             Temple (1/1) D:5            Lair (6/6) D:9
  Swamp (0/4) Lair:4       Spider (0/4) Lair:2        Slime (0/5) Lair:5
    Orc (2/2) D:9             Elf (0/3) Orc:2

Altars:
Ashenzari
Cheibriados
Dithmenos
Elyvilon
Fedhas
Gozag
Hepliaklqana
Kikubaaqudgha
Makhleb
Nemelex Xobeh
Okawaru
Qazlal
Ru
Sif Muna
Trog
Uskayaw
Vehumet
Wu Jian
Xom
Yredelemnul
Zin
The Shining One
Jiyva

Annotations:
D:7 1 runed door
Lair:1 exclusion: 2 oklob plants
Lair:5 exclusion: oklob plant
Orc:2 destino's ghost, journeyman GnTm


Innate Abilities, Weirdness & Mutations

You have hooves in place of feet.
You are partially covered in molten scales. (AC +2)
You are significantly more attuned to the shadows.
You are mostly covered in sharp spines.


Message History

You lunge at destino's ghost, in a flurry of attacks.
You puncture destino's ghost! Your kick misses destino's ghost.
Destino's ghost is severely damaged.
You barely miss destino's ghost.
Destino's ghost is severely damaged.
Destino's ghost gestures at you while chanting.
The shard of ice hits you!
Okay, then.
Unknown command.
Unknown command.
You see here a club.
Items here: $ )) [ 15 gold pieces; a robe; a dagger x2
Destino's ghost gestures at you while chanting.
The shard of ice hits you!
* * * LOW HITPOINT WARNING * * *
There is a stone staircase leading up, spattered with blood here.
Destino's ghost gestures at you while chanting.
The shard of ice hits you!
You die...

## ### ####
.#.##.##...##..#.
.................
#....#...........
#................#
..#.......).....#...
....#.....@[[........
..........(.)......#.
...#....$W[(.).......
.......)........##..
#......[[..[#...#
...............##
.#.......#.....#
................#
..#..............#


You could see destino's ghost.

Vanquished Creatures
  An orc warlord (Orc:1)
  A stone giant (Orc:2)
  Nessos (Lair:4)
  Azrael (Orc:2)
  Josephine (Orc:2)
  4 hydras
  The ghost of skd the Protected, a novice MiBe of Trog (D:9)
  3 death yaks
  3 two-headed ogres
  Sonja (Lair:4)
  The ghost of Brecoman the Nimble, a novice MfSu of Hepliaklqana (D:8)
  Pikel (D:7)
  An orc sorcerer (Orc:1)
  A cyclops (Orc:1)
  3 black mambas
  9 elephants (Lair:5)
  3 torpor snails
  Maurice (Orc:2)
  6 spiny frogs
  5 komodo dragons
  2 rime drakes (Lair:6)
  4 jumping spiders (Lair:2)
  A hornet (D:8)
  12 polar bears
  6 dream sheep
  27 blink frogs
  2 raiju (Lair:6)
  13 hippogriffs
  3 redbacks (Lair:2)
  33 yaks
  3 wraiths (Orc:2)
  6 fire elementals (Orc:2)
  Grum (D:8)
  A basilisk (Lair:2)
  9 wargs
  10 water moccasins
  16 hell hounds
  4 porcupines
  12 black bears
  5 ice beasts
  29 orc warriors
  2 slaves (D:7)
  3 sky beasts
  3 phantoms
  A centaur (D:8)
  A necrophage (D:9)
  8 ogres
  24 wolves
  A big kobold (D:9)
  10 crocodiles
  An elf zombie (Ossuary)
  16 bullfrogs
  A wyvern zombie (D:8)
  A wyvern skeleton (D:9)
  4 scorpions
  3 electric eels (Lair:4)
  2 howler monkeys
  4 crimson imps
  A centaur zombie (D:7)
  A quasit (D:7)
  3 bullfrog zombies
  2 jellies
  20 orc priests
  5 hounds
  2 bullfrog skeletons
  24 orc wizards
  5 iguanas
  4 worker ants
  A big kobold zombie (Ossuary)
  A hound skeleton (D:4)
  4 mummies (Ossuary)
  13 adders
  2 shadow imps
  An ooze (D:1)
  3 adder skeletons
  An adder zombie (Ossuary)
  A worm (D:3)
  6 dart slugs
  5 leopard geckos
  72 orcs
  11 bats
  5 giant cockroaches
  9 goblins (D:1)
  8 hobgoblins
  18 jackals
  9 kobolds
  6 quokkas
  2 frilled lizards
  2 gnoll zombies (Ossuary)
  A hobgoblin zombie (Ossuary)
  A jackal skeleton (D:7)
  3 jackal zombies
  A kobold zombie (Ossuary)
  An orc zombie (Ossuary)
  6 rats
  2 rat zombies (Ossuary)
  A plant (Lair:6)
595 creatures vanquished.

Vanquished Creatures (collateral kills)
  2 elephants (Lair:5)
2 creatures vanquished.

Vanquished Creatures (others)
  3 wolves (IceCv)
  An orc priest (Orc:1)
  2 orcs (Orc:2)
  A bush (Lair:5)
  31 fungi
  30 plants
68 creatures vanquished.

Grand Total: 665 creatures vanquished

Notes
Turn   | Place    | Note
-------+----------+-------------------------------------------
     0 | D:1      | Jannitor the Demonspawn Enchanter began the quest for the Orb.
     0 | D:1      | Reached XP level 1. HP: 13/13 MP: 3/3
    20 | D:1      | Reached skill level 1 in Short Blades
   186 | D:1      | Gained mutation: You have large cloven feet. [demonic ancestry]
   186 | D:1      | Reached XP level 2. HP: 19/19 MP: 5/5
   431 | D:1      | Reached skill level 3 in Stealth
   506 | D:1      | Gained mutation: You have hoof-like feet. [demonic ancestry]
   506 | D:1      | Reached XP level 3. HP: 15/24 MP: 6/6
   723 | D:1      | Reached skill level 1 in Armour
  1222 | D:2      | Reached XP level 4. HP: 30/30 MP: 7/7
  2386 | D:3      | Gained mutation: You are partially covered in sharp spines. [demonic ancestry]
  2386 | D:3      | Reached XP level 5. HP: 31/35 MP: 8/8
  2923 | D:4      | Noticed an ogre
  3172 | D:4      | Killed an ogre
  3172 | D:4      | Reached skill level 4 in Stealth
  3172 | D:4      | Gained mutation: You are partially covered in molten scales. (AC +2) [demonic ancestry]
  3172 | D:4      | Reached XP level 6. HP: 41/41 MP: 9/9
  3439 | D:4      | Reached XP level 7. HP: 35/46 MP: 10/10
  3520 | D:4      | Found a sparkling altar of Nemelex Xobeh.
  3746 | D:4      | Reached skill level 5 in Short Blades
  4039 | D:4      | Found a snail-covered altar of Cheibriados.
  4142 | D:5      | Entered Level 5 of the Dungeon
  4143 | D:5      | Reached skill level 5 in Stealth
  4438 | D:5      | Found a sand-covered staircase.
  4449 | Ossuary  | Entered an ossuary
  4492 | Ossuary  | Gained mutation: You are slightly more attuned to the shadows. [demonic ancestry]
  4492 | Ossuary  | Reached XP level 8. HP: 35/52 MP: 11/11
  4975 | D:5      | Found a staircase to the Ecumenical Temple.
  4998 | Temple   | Entered the Ecumenical Temple
  5071 | Temple   | Became a worshipper of the Wu Jian Council
  5525 | D:6      | Reached skill level 6 in Stealth
  5634 | D:6      | Reached skill level 5 in Armour
  6017 | D:6      | Reached * piety under Wu Jian
  6091 | D:6      | Gained mutation: You are significantly more attuned to the shadows. [demonic ancestry]
  6091 | D:6      | Reached XP level 9. HP: 57/57 MP: 12/12
  6878 | D:7      | Noticed Pikel
  6915 | D:7      | Killed Pikel
  6915 | D:7      | Reached skill level 7 in Stealth
  7165 | D:7      | Reached ** piety under Wu Jian
  7360 | D:7      | Gained mutation: You are mostly covered in sharp spines. [demonic ancestry]
  7360 | D:7      | Reached XP level 10. HP: 63/63 MP: 13/13
  7450 | D:7      | Found a runed door.
  7747 | D:8      | Noticed Brecoman's ghost (novice MfSu)
  7867 | D:8      | Noticed Grum
  7877 | D:8      | Reached skill level 8 in Stealth
  7885 | D:8      | Reached skill level 1 in Fighting
  7888 | D:8      | Killed Grum
  8292 | D:8      | Noticed a two-headed ogre
  8329 | D:8      | Killed a two-headed ogre
  8329 | D:8      | Reached skill level 10 in Short Blades
  8955 | D:9      | Reached skill level 1 in Evocations
  8966 | D:9      | Found a staircase to the Lair.
  9029 | D:9      | Noticed skd's ghost (novice MiBe)
  9091 | D:9      | Reached *** piety under Wu Jian
  9897 | Lair:1   | Entered Level 1 of the Lair of Beasts
 10148 | Lair:1   | Noticed a spiny frog
 10152 | Lair:1   | Killed a spiny frog
 10304 | Lair:1   | Reached XP level 11. HP: 75/75 MP: 14/14
 10321 | Lair:1   | Noticed an oklob plant
 10322 | Lair:1   | Noticed an oklob plant
 10451 | Lair:1   | Learned a level 2 spell: Ensorcelled Hibernation
 10738 | Lair:2   | Reached skill level 9 in Stealth
 11024 | Lair:2   | Reached **** piety under Wu Jian
 11388 | Lair:2   | Found a hole to the Spider Nest.
 11403 | Lair:2   | Reached skill level 5 in Evocations
 11995 | Lair:3   | Reached skill level 5 in Fighting
 12098 | Lair:3   | Found a frozen archway.
 12105 | IceCv    | Entered an ice cave
 13270 | Lair:4   | Noticed Nessos
 13274 | Lair:4   | Killed Nessos
 13274 | Lair:4   | Gained mutation: You have hooves in place of feet. [demonic ancestry]
 13274 | Lair:4   | Reached XP level 12. HP: 87/87 MP: 17/17
 13354 | Lair:4   | Noticed a five-headed hydra
 13628 | Lair:4   | Reached skill level 10 in Stealth
 14081 | Lair:4   | Killed a five-headed hydra
 14296 | Lair:4   | Noticed Sonja
 14301 | Lair:4   | Killed Sonja
 14322 | Lair:4   | Found a staircase to the Swamp.
 14621 | Lair:5   | Found a staircase to the Slime Pits.
 14621 | Lair:5   | Found a viscous altar of Jiyva.
 14631 | Lair:5   | Noticed a death yak
 14635 | Lair:5   | Noticed a death yak
 14676 | Lair:4   | Killed a death yak
 14676 | Lair:4   | Reached ***** piety under Wu Jian
 14897 | Lair:5   | Identified the Catalogue of Sinister Moulding
 14977 | Lair:5   | Reached skill level 1 in Ice Magic
 15447 | Lair:5   | Learned a level 6 spell: Invisibility
 15673 | Lair:5   | Reached XP level 13. HP: 38/96 MP: 19/19
 16712 | Lair:6   | Entered Level 6 of the Lair of Beasts
 16992 | Lair:6   | Reached skill level 11 in Stealth
 17209 | Lair:6   | Reached skill level 5 in Hexes
 17499 | Lair:6   | Reached skill level 10 in Armour
 19029 | Lair:6   | Reached XP level 14. HP: 37/106 MP: 21/21
 19076 | Lair:6   | Learned a level 3 spell: Confuse
 19672 | Lair:6   | Got a pair of ancient gloves
 19683 | Lair:6   | Identified the +0 pair of gloves of Ecoabeod {Str+3} (You found it on level 6 of the Lair of Beasts)
 20260 | D:8      | Killed Brecoman's ghost
 20390 | D:9      | Got an encrusted dagger
 20391 | D:9      | Identified the +9 dagger of Terror {pierce, rPois} (You found it on level 9 of the Dungeon)
 20500 | D:9      | Killed skd's ghost
 20667 | D:9      | Found a staircase to the Orcish Mines.
 20675 | Orc:1    | Entered Level 1 of the Orcish Mines
 21029 | Orc:2    | Entered Level 2 of the Orcish Mines
 21029 | Orc:2    | Noticed Josephine
 21029 | Orc:2    | Noticed Azrael
 21035 | Orc:2    | Noticed Maurice
 21040 | Orc:2    | Killed Josephine
 21041 | Orc:2    | Killed Maurice
 21046 | Orc:2    | Killed Azrael
 21364 | Orc:2    | Noticed a stone giant
 21576 | Orc:2    | Found a staircase to the Elven Halls.
 21587 | Orc:2    | Killed a stone giant
 21601 | Orc:1    | Reached skill level 12 in Stealth
 21773 | Orc:1    | Noticed an orc warlord
 21778 | Orc:1    | Killed an orc warlord
 21984 | Orc:1    | Noticed an orc warlord
 22089 | Orc:2    | Noticed destino's ghost (journeyman GnTm)
 22110 | Orc:2    | Killed from afar by destino's ghost

Skill      XL: |  1  2  3  4  5  6  7  8  9 10 11 12 13 14 |
---------------+-------------------------------------------+-----
Short Blades   | 1 2 3 4 5 7 9 10 | 10.1
Stealth        | 3 4 5 6 7 8 9 10 11 12 | 12.1
Armour         | 1 2 3 5 6 7 8 9 10 11 | 11.7
Fighting       | 3 5 7 8 9 |  9.5
Evocations     | 3 7 9 |  9.7
Ice Magic      | 2 4 |  4.8
Hexes          | 4 6 7 |  7.2
Dodging        | |  1.7
Spellcasting   | |  2.0

Action                   |  1- 3 |  4- 6 |  7- 9 | 10-12 | 13-15 || total
-------------------------+-------+-------+-------+-------+-------++-------
Melee: Dagger            |   144 |   170 |   445 |   745 |  1071 ||  2575
       Kick              |    16 |    28 |     6 |    57 |   317 ||   424
Invok: Lunge             |       |       |    36 |    63 |    59 ||   158
       Whirlwind         |       |       |    22 |   117 |   222 ||   361
       Wall Jump         |       |       |       |    21 |    29 ||    50
       Heavenly Storm    |       |       |       |       |     3 ||     3
       Serpent's Lash    |       |       |       |       |     1 ||     1
Evoke: Wand              |       |       |       |     8 |    11 ||    19
       Fan of gales      |       |       |       |       |     1 ||     1
  Use: Potion            |       |     2 |     2 |    11 |     4 ||    19
       Scroll            |       |     1 |     7 |    13 |     1 ||    22
 Stab: Sleeping          |    11 |    11 |    27 |    40 |    12 ||   101
       Distracted        |       |       |     1 |     8 |     2 ||    11
       Paralysed         |       |       |       |     2 |     5 ||     7
  Eat: Chunk             |     1 |     7 |    13 |    22 |    20 ||    63
       Ration            |       |       |       |     1 |     1 ||     2
Armor: Shadow dragon sca |   130 |    72 |   163 |   190 |   309 ||   864
       Skin              |       |       |       |     9 |       ||     9
Dodge: Dodged            |    24 |    24 |    59 |    90 |   147 ||   344
Block: Other             |       |       |     4 |    76 |   119 ||   199
       Reflection        |       |       |       |     4 |     3 ||     7
